 Dungeon Crawl Stone Soup version 0.29.1-12-g30fa7ad0bf (webtiles) character file.

Game seed: 5530825327080246860

6570 MisterFreud the Cruncher (level 11, -2/86 HPs)
             Began as a Formicid Gladiator on Dec 14, 2022.
             Was a Believer of Yredelemnul.
             Slain by a white ugly thing (17 damage)
             ... on level 11 of the Dungeon.
             The game lasted 00:10:43 (11273 turns).

MisterFreud the Cruncher (Formicid Gladiator)      Turns: 11273, Time: 00:10:44

Health: -2/86      AC: 11    Str: 21    XL:     11   Next: 21%
Magic:  16/17      EV: 11    Int: 14    God:    Yredelemnul [**....]
Gold:   412        SH:  0    Dex: 17    Spells: 10/10 levels left

rFire   . . .      SeeInvis +   v - +4 quarterstaff (chaos)
rCold   . . .      Faith    .   (no shield)
rNeg    . . .      Spirit   .   t - +0 scale mail
rPois   .          Reflect  .   (helmet unavailable)
rElec   .          Harm     .   s - +0 cloak
rCorr   .          Rampage  .   k - +1 pair of gloves
Will    +....                   (no boots)
Stlth   ..........              (no amulet)
HPRegen 0.24/turn               j - +4 ring of slaying
MPRegen 0.15/turn               r - +6 ring of intelligence

@: no status effects
A: permanent stasis, dig shafts and tunnels, antennae 3, four strong arms
a: Dig, Shaft Self, Renounce Religion, Recall Undead Harvest, Dark Bargain


You were on level 11 of the Dungeon.
You worshipped Yredelemnul.
Yredelemnul was aware of your devotion.
You visited 2 branches of the dungeon, and saw 10 of its levels.

You collected 412 gold pieces.

Inventory:

Hand Weapons
 a - a +1 quarterstaff
 v - a +4 quarterstaff of chaos (weapon)
Missiles
 c - 3 throwing nets (quivered)
 d - a javelin
 f - 12 atropa-tipped darts
 p - 3 poisoned darts
 x - 6 curare-tipped darts
Armour
 k - a +1 pair of gloves (worn)
 s - a +0 cloak (worn)
 t - a +0 scale mail (worn)
Jewellery
 j - a +4 ring of slaying (left hand)
 r - a +6 ring of intelligence (right hand)
 J - an amulet of guardian spirit
Wands
 i - a wand of flame (28)
 n - a wand of polymorph (18)
 u - a wand of roots (14)
 y - a wand of mindburst (26)
 D - a wand of paralysis (3)
Scrolls
 o - 2 scrolls of amnesia
 q - a scroll of enchant weapon
 C - a scroll of summoning
 E - a scroll of enchant armour
 F - a scroll of fog
 G - 2 scrolls of identify
Potions
 b - 3 potions of degeneration
 e - 3 potions of heal wounds
 g - 2 potions of brilliance
 h - 6 potions of curing
 l - 2 potions of lignification
 m - 2 potions of attraction
 w - 2 potions of mutation
 z - a potion of resistance
 A - a potion of berserk rage
 B - a potion of invisibility {unknown}
 H - a potion of magic {unknown}
Miscellaneous
 I - a phial of floods


   Skills:
 + Level 8.0 Fighting
 + Level 11.4 Staves
 - Level 2.0 Throwing
 + Level 8.0 Armour
 - Level 2.6 Dodging
 - Level 8.0 Invocations


You had 10 spell levels left.
You didn't know any spells.
Your spell library contained the following spells:

 Spells                   Type           Power      Damage    Failure   Level
 Sting                    Tmut/Pois      0%         1d3       56%         1
 Summon Small Mammal      Summ           0%         N/A       56%         1
 Poisonous Vapours        Pois/Air       0%         N/A       71%         2
 Call Canine Familiar     Summ           0%         N/A       91%         3
 Summon Guardian Golem    Hex/Summ       0%         N/A       91%         3
 Olgreb's Toxic Radiance  Pois           0%         N/A       100%        4


Dungeon Overview and Level Annotations

Branches:
Dungeon (8/15)             Temple (1/1) D:5
   Lair: D:8-11

Altars:
Ashenzari
Cheibriados
Dithmenos
Elyvilon
Fedhas
Gozag
Hepliaklqana
Kikubaaqudgha
Makhleb
Nemelex Xobeh
Okawaru
Qazlal
Ru
Sif Muna
Trog
Uskayaw
Vehumet
Wu Jian
Xom
Yredelemnul
The Shining One
Jiyva

Annotations:
D:7 exclusion: ice statue


Innate Abilities, Weirdness & Mutations

You cannot be hasted, slowed, berserked, paralysed or teleported.
You can dig through walls and to a lower floor.
You have a pair of large antennae on your head. (SInv)
Your four strong arms can wield two-handed weapons with a shield.


Message History

Your orc zombie resists.
Your orc priest zombie hits the white ugly thing but does no damage.
The white ugly thing headbutts your orc zombie.
Your orc zombie is destroyed!
Your orc warrior zombie hits the white ugly thing but does no damage.
Your jelly zombie hits the white ugly thing.
Your orc priest zombie hits the white ugly thing but does no damage.
You thump the white ugly thing!
The white ugly thing is severely wounded.
The white ugly thing headbutts you but does no damage.
Your orc warrior zombie closely misses the white ugly thing.
Your raiju zombie bites the white ugly thing.
Your jelly zombie hits the white ugly thing but does no damage.
You hit the white ugly thing.
The white ugly thing is severely wounded.
The white ugly thing headbutts you!! The white ugly thing freezes you!!
* * * LOW HITPOINT WARNING * * *
Your orc priest zombie completely misses the white ugly thing.
The white ugly thing barely misses you.
Your orc warrior zombie hits the white ugly thing but does no damage.
Unknown command.
Your raiju zombie bites the white ugly thing.
The white ugly thing headbutts your raiju zombie!!
The white ugly thing freezes your raiju zombie.
Your raiju zombie resists.
Your jelly zombie hits the white ugly thing but does no damage.
Your orc priest zombie barely misses the white ugly thing.
Aiming: Mindburst
Press: ? - help, Shift-Dir - straight line, f - white ugly thing
Aim: a white ugly thing (almost dead, berserk, not watching you, very poisoned, ally target, chance to affect: 47%)
The white ugly thing's mind is blasted!
Your orc warrior zombie hits the white ugly thing.
The white ugly thing closely misses you.
Aiming: Mindburst
Press: ? - help, Shift-Dir - straight line, f/p - white ugly thing
Aim: a white ugly thing (almost dead, berserk, very poisoned, ally target, chance to affect: 47%)
The white ugly thing resists with some effort.
The white ugly thing headbutts you!
You die...
Your body rises from the dead as a mindless zombie.

#'#)..# #.#.# #.#.###
#####.#.########
#.#.#
#.....#.........
#.#.#
#...Z.#.########
#.#.# #.......#######
#.#.# #####.........#
..#.# ####...######.#
..#.# #..'...#
..#.#########.##@..#
..#..........Z.Zu..##
.#######.######ZZZ..#


ZZZZZ{Z..# #.....# ########## #........ #.#...... #.#......# #.######## ## #.#
You could see a white ugly thing (berserk, very poisoned, ally target), a
friendly jelly zombie, a friendly orc warrior zombie, a friendly orc priest
zombie, a friendly orc wizard zombie and a friendly raiju zombie.

Vanquished Creatures
  Pikel (D:7)
  An ugly thing (D:11)
  A gargoyle (D:11)
  Maggie (D:7)
  Psyche (D:7)
  A troll (D:11)
  A slime creature (D:11)
  Grinder (D:3)
  A raiju (shapeshifter) (D:11)
  Sigmund (D:3)
  A wyvern (D:8)
  Eustachio (D:6)
  Edmund (D:5)
  2 water moccasins
  Duvessa (D:7)
  An orc warrior (D:11)
  3 ice beasts
  5 ogres
  2 black bears
  A centaur (D:8)
  A kobold brigand (D:6)
  2 bullfrogs (D:7)
  Blork the orc (D:6)
  A necrophage (D:6)
  3 scorpions
  Dowan (D:7)
  2 howler monkeys
  An electric eel (D:8)
  4 hounds
  2 gnoll boudas
  3 orc priests
  6 jellies
  4 iguanas
  Crazy Yiuf (D:5)
  Jessica (D:3)
  3 orc wizards
  10 adders
  7 gnolls
  A white imp (D:5)
  2 ufetubi (D:7)
  A worm (D:2)
  25 orcs
  8 ball pythons
  7 endoplasms
  4 giant cockroaches
  11 goblins
  6 hobgoblins
  A quokka (D:1)
  7 bats
  2 frilled lizards (D:2)
  13 kobolds
  A rat (D:3)
170 creatures vanquished.

Vanquished Creatures (collateral kills)
  A cyclops (D:11)
  A scorpion (D:5)
  An orc wizard (D:6)
  An iguana (D:5)
  An orc (D:11)
5 creatures vanquished.

Vanquished Creatures (others)
  A wyvern zombie (D:8)
  A human zombie (D:6)
  A gnoll zombie (D:8)
  2 orc zombies
  A fungus (D:5)
  3 plants (D:5)
9 creatures vanquished.

Grand Total: 184 creatures vanquished

Notes
Turn   | Place    | Note
-------+----------+-------------------------------------------
     0 | D:1      | MisterFreud the Formicid Gladiator began the quest for the
                  | Orb.
     0 | D:1      | Reached XP level 1. HP: 16/16 MP: 1/1
   133 | D:1      | Reached XP level 2. HP: 21/22 MP: 2/2
   260 | D:1      | Found a faded altar of an unknown god.
  1139 | D:2      | Reached skill level 4 in Staves
  1139 | D:2      | Reached XP level 3. HP: 26/27 MP: 3/3
  1584 | D:2      | Reached XP level 4. HP: 12/33 MP: 4/4
  2216 | D:3      | Noticed Grinder
  2254 | D:3      | Killed Grinder
  2255 | D:3      | Reached skill level 6 in Staves
  2255 | D:3      | Reached XP level 5. HP: 16/41 MP: 5/5
  2255 | D:3      | Reached XP level 6. HP: 19/47 MP: 6/6
  2503 | D:3      | Noticed Sigmund
  2510 | D:3      | Killed Sigmund
  2511 | D:3      | Reached XP level 7. HP: 54/54 MP: 7/7
  2545 | D:3      | Found a burning altar of Makhleb.
  3370 | D:3      | Noticed Jessica
  3373 | D:3      | Killed Jessica
  3560 | D:4      | Reached skill level 5 in Fighting
  3787 | D:4      | Found a blossoming altar of Fedhas.
  3814 | D:4      | Reached skill level 5 in Armour
  3814 | D:4      | Reached XP level 8. HP: 21/62 MP: 8/8
  4597 | D:4      | Found a shimmering altar of Xom.
  4602 | D:4      | Reached skill level 7 in Staves
  4853 | D:5      | Entered Level 5 of the Dungeon
  4902 | D:5      | Found a staircase to the Ecumenical Temple.
  4915 | D:5      | Noticed Edmund
  4933 | D:5      | Killed Edmund
  5164 | Temple   | Entered the Ecumenical Temple
  5193 | Temple   | Became a worshipper of Yredelemnul the Dark
  5330 | D:5      | Reached skill level 8 in Staves
  5460 | D:5      | Reached skill level 1 in Invocations
  5743 | D:5      | Reached * piety under Yredelemnul
  5744 | D:5      | Reached XP level 9. HP: 57/68 MP: 8/10
  6014 | D:5      | Found a runed translucent door.
  6015 | D:5      | Noticed Crazy Yiuf
  6023 | D:5      | Killed Crazy Yiuf
  6114 | D:5      | Reached skill level 9 in Staves
  6286 | D:5      | Found an ancient bone altar of Kikubaaqudgha.
  6460 | D:6      | Noticed Eustachio
  6469 | D:6      | Killed Eustachio
  6560 | D:6      | Found a shadowy altar of Dithmenos.
  6571 | D:6      | Reached skill level 5 in Invocations
  6761 | D:6      | Reached ** piety under Yredelemnul
  6779 | D:6      | Your ally Eustachio died
  6782 | D:6      | Reached skill level 10 in Staves
  7295 | D:6      | Reached *** piety under Yredelemnul
  7364 | D:6      | Reached XP level 10. HP: 74/74 MP: 15/15
  7540 | D:6      | Noticed Blork the orc
  7545 | D:6      | Killed Blork the orc
  7830 | D:7      | Noticed Duvessa
  7832 | D:7      | Noticed Dowan
  7841 | D:7      | Killed Duvessa
  7849 | D:7      | Killed Dowan
  7868 | D:7      | Found an ornate altar of the Wu Jian Council.
  8109 | D:7      | Noticed Maggie
  8116 | D:7      | Killed Maggie
  8219 | D:7      | Identified the +1 ring mail of Red Riyd {rC++ Int-2}
  8368 | D:7      | Found a large runed translucent door.
  8369 | D:7      | Found a large runed translucent door.
  8373 | D:7      | Noticed Pikel
  8387 | D:7      | Killed Pikel
  8394 | D:7      | Identified the +0 dagger of Prudence {drain, +Blink rN+}
  8824 | D:7      | Noticed an ice statue
  9174 | D:7      | Found a hazy altar of Hepliaklqana.
  9183 | D:7      | Found a glowing golden altar of the Shining One.
  9231 | D:8      | Noticed Psyche
  9393 | D:7      | Killed Psyche
  9580 | D:8      | Identified the +1 long sword "Beastbane" {vorpal, Int+5}
  9684 | D:8      | You fall into a shaft and drop 3 floors!
  9977 | D:11     | Noticed a gargoyle
  9989 | D:11     | Killed a gargoyle
 10276 | D:11     | Noticed a cyclops
 10287 | D:11     | Killed a cyclops
 10288 | D:11     | Reached skill level 11 in Staves
 10293 | D:11     | Found a viscous altar of Jiyva.
 10302 | D:11     | Reached XP level 11. HP: 78/84 MP: 17/17
 10454 | D:11     | Noticed a cyclops
 10457 | D:11     | a cyclops changed into a shapeshifter
 11027 | D:11     | Noticed a purple ugly thing
 11034 | D:11     | Killed a purple ugly thing
 11261 | D:11     | Noticed a white ugly thing
 11273 | D:11     | Slain by a white ugly thing

Illustrated notes

Levels and vault maps discovered:
D:1:      amcnicky_arrival_double_pillar, layout_basic,
          shapermc_ecumenical_altar_totnotflames, kennysheep_boxes
D:2:      layout_loops_ring, minmay_misc_feat_pillars
D:3:      layout_rooms, lightli_temple_of_fire, minmay_ogre_servants,
          uniq_grinder, uniq_sigmund, uniq_jessica
D:4:      layout_basic, fedhas_ov_isle_minmay, old_standard_altar,
          amcnicky_mini_pool_small, minmay_misc_feat_square
D:5:      layout_gridville, lemuel_round_altar, minmay_temple_entry_waves,
          dk_noncrumbling_4, kennysheep_donut, guppyfry_early_lair_pool,
          uniq_edmund, uniq_crazy_yiuf_cottage
D:6:      layout_basic, nicolae_dithmenos_the_darkroom, minmay_circle_x,
          uniq_eustachio, uniq_blork_the_orc
D:7:      lemuel_ice_statue, layout_loops_corners, mainiacjoe_overflow_catwalk,
          jmf_multi_god_temple2, dreamdust_princess_corridor, uniq_pikel,
          uniq_duvessa, uniq_maggie
D:8:      cheibrodos_ideogram_h, layout_basic, special_room [special_room_orc],
          hex_tiny, uniq_grum, uniq_psyche
D:11:     layout_basic, jiyva_altar_1
Temple:   nicolae_temple_ecumenical_triangle

Skill      XL: |  1  2  3  4  5  6  7  8  9 10 11 |
---------------+----------------------------------+-----
Staves         | 4 6 8 10 11 | 11.4
Fighting       | 3 4 5 7 8 |  8.0
Armour         | 2 3 5 7 8 |  8.0
Invocations    | 2 7 8 |  8.0
Throwing       | |  2.0
Dodging        | |  2.6

Action                   |  1- 3 |  4- 6 |  7- 9 | 10-12 || total
-------------------------+-------+-------+-------+-------++-------
Melee: Quarterstaff      |    77 |    23 |   242 |   131 ||   473
       Unarmed           |       |    12 |       |       ||    12
       Punch             |       |       |     3 |     2 ||     5
Invok: Recall Undead Har |       |       |       |     2 ||     2
 Abil: Shaft Self        |       |       |       |     1 ||     1
Evoke: Wand              |       |       |       |     2 ||     2
  Use: Scroll            |     6 |     2 |     8 |     6 ||    22
       Potion            |       |       |     2 |       ||     2
 Stab: Sleeping          |     1 |       |     1 |     1 ||     3
       Paralysed         |       |       |       |     1 ||     1
       Distracted        |       |       |       |     1 ||     1
Armor: Leather armour    |    22 |     2 |    52 |       ||    76
       Skin              |       |     1 |     2 |       ||     3
       Scale mail        |       |       |       |    46 ||    46
Dodge: Dodged            |    51 |    27 |   134 |    62 ||   274
